[Event "December 12 Late 2023"]
[Site "https://www.chess.com"]
[Date "2023.12.12"]
[Round "6"]
[White "Rosen, Eric"]
[Black "Morris-Suzuki, Alan H"]
[Result "1-0"]
[Board "49"]
[TimeControl "180+1"]
[WhiteFideId "2032562"]
[BlackFideId "30933218"]
[WhiteElo "2694"]
[BlackElo "2530"]
[WhiteTeam "USA"]
[BlackTeam "USA"]
[WhiteClock "0:00:04"]
[BlackClock "0:00:03"]

1. e4 c5 2. Nc3 a6 3. g3 b5 4. Bg2 Bb7 5. d3 e6 6. f4 h5 7. Nh3 Nf6 8. O-O b4 9. Na4 d5 10. f5 dxe4 11. fxe6 fxe6 12. Ng5 Qd4+ 13. Kh1 h4 14. dxe4 hxg3 15. h3 Qxd1 16. Rxd1 Bc6 17. Nxe6 Ra7 18. Naxc5 Bxc5 19. Nxc5 Nbd7 20. Be3 Ng4 21. Bg1 Ndf6 22. Rd3 Re7 23. Rxg3 Ne5 24. Re1 Rh4 25. Bd4 Nh5 26. Rg5 Nc4 27. b3 Nd2 28. Rg4 Rxg4 29. hxg4 Ng3+ 30. Kh2 Ngxe4 31. Nxe4 Nxe4 32. Bf3 Kf7 33. Kg2 Bb7 34. Rf1 Kg6 35. Re1 Kg5 36. Be3+ Kg6 37. Bf4 Kf7 38. Re3 Kf6 39. Rd3 g5 40. Bc1 Rc7 41. Bb2+ Kf7 42. c4 bxc3 43. Bc1 c2 44. Re3 Re7 45. Re2 Kf6 46. Rxc2 Bd5 47. Bb2+ Ke6 48. Re2 Kd6 49. Ba3+ Nc5 50. Bxc5+ 1-0

[Event "December 12 Late 2023"]
[Site "https://www.chess.com"]
[Date "2023.12.12"]
[Round "6"]
[White "Wu, Derek"]
[Black "Sherman, Raem"]
[Result "1-0"]
[Board "50"]
[TimeControl "180+1"]
[WhiteFideId "30914558"]
[BlackFideId "2822288"]
[WhiteElo "2690"]
[BlackElo "2530"]
[WhiteTeam "USA"]
[BlackTeam "ISR"]
[WhiteClock "0:01:32"]
[BlackClock "0:01:09"]

1. e4 c5 2. Nf3 g6 3. d4 cxd4 4. Qxd4 Nf6 5. Nc3 Nc6 6. Qa4 d6 7. e5 dxe5 8. Nxe5 Qd4 9. Nxc6 Qxa4 10. Nxa4 bxc6 11. b3 Bg7 12. Bb2 O-O 13. h3 Bf5 14. O-O-O Ne4 15. Bxg7 Kxg7 16. Re1 Nxf2 17. Rg1 h5 18. Re2 Ne4 19. g4 hxg4 20. hxg4 e6 21. gxf5 exf5 22. Bg2 Rfe8 23. Rge1 g5 24. Nc5 Nf6 25. Rxe8 Rxe8 26. Rxe8 Nxe8 27. Bxc6 Nd6 28. Kd2 Kf6 29. a4 Ke5 30. b4 g4 31. Nd3+ Kd4 32. c3+ Kc4 33. Kc2 1-0

[Event "December 12 Late 2023"]
[Site "https://www.chess.com"]
[Date "2023.12.12"]
[Round "6"]
[White "Nasuta, Grzegorz"]
[Black "YurasovMat-2012"]
[Result "1-0"]
[Board "51"]
[TimeControl "180+1"]
[WhiteFideId "1141686"]
[WhiteElo "2690"]
[BlackElo "2529"]
[WhiteTeam "POL"]
[WhiteClock "0:00:03"]
[BlackClock "0:00:00"]

1. e4 e5 2. Nf3 Nf6 3. d4 Nxe4 4. dxe5 Nc6 5. Bc4 Nc5 6. O-O Be7 7. Nc3 O-O 8. Nd5 Ne6 9. Re1 b6 10. Nxe7+ Qxe7 11. b3 Bb7 12. Bd5 Rfd8 13. a4 h6 14. Ba3 Qe8 15. Qd2 Rab8 16. Rad1 Ne7 17. Bxb7 Rxb7 18. Re4 Rbb8 19. Rg4 Kh8 20. h3 Nf5 21. Qd3 g6 22. Nh4 Neg7 23. Nxf5 Nxf5 24. Re4 Qe6 25. g4 Ng7 26. f4 h5 27. Qf3 Kg8 28. Kg2 Re8 29. Red4 Rbd8 30. R1d2 a6 31. Kg3 f5 32. exf6 Qxf6 33. c4 d6 34. Bb2 Qf7 35. Rd5 Re1 36. Re2 Rxe2 37. Qxe2 Re8 38. Qf2 Qe7 39. Rd3 Ne6 40. Re3 h4+ 41. Kh2 Qf7 42. f5 Nc5 43. Rxe8+ Qxe8 44. fxg6 Qxg6 45. Bd4 Ne4 46. Qxh4 c5 47. Qd8+ Kf7 48. Qe7+ Kg8 49. Qd8+ Kf7 50. Qd7+ Kg8 51. Be3 1-0

[Event "December 12 Late 2023"]
[Site "https://www.chess.com"]
[Date "2023.12.12"]
[Round "6"]
[White "Krallis, Christos"]
[Black "Kopczynski, Michal"]
[Result "1-0"]
[Board "52"]
[TimeControl "180+1"]
[WhiteFideId "4298896"]
[BlackFideId "1124200"]
[WhiteElo "2674"]
[BlackElo "2526"]
[WhiteTeam "GRE"]
[BlackTeam "POL"]
[WhiteClock "0:02:42"]
[BlackClock "0:02:23"]

1. g3 d6 2. Bg2 e5 3. e4 f5 4. Nc3 Nf6 5. Nge2 Nc6 6. O-O fxe4 7. Nxe4 Nxe4 8. Bxe4 Bh3 9. Nf4 Bxf1 10. Qh5+ g6 11. Bxg6+ Ke7 12. Nd5+ Ke6 13. Bf7+ Kd7 14. Qf5# 1-0

[Event "December 12 Late 2023"]
[Site "https://www.chess.com"]
[Date "2023.12.12"]
[Round "6"]
[White "Nagare Kaivalya Sandip"]
[Black "Leenhouts, Koen"]
[Result "1-0"]
[Board "53"]
[TimeControl "180+1"]
[WhiteFideId "25957929"]
[BlackFideId "1008439"]
[WhiteElo "2672"]
[BlackElo "2524"]
[WhiteTeam "IND"]
[BlackTeam "NED"]
[WhiteClock "0:01:54"]
[BlackClock "0:00:02"]

1. e4 e6 2. d4 d5 3. Nc3 Bb4 4. e5 c5 5. a3 Bxc3+ 6. bxc3 Qc7 7. Nf3 b6 8. a4 Ba6 9. Bb5+ Bxb5 10. axb5 Ne7 11. O-O O-O 12. dxc5 bxc5 13. Qd3 Nd7 14. Ng5 Nf5 15. f4 c4 16. Qh3 h6 17. Nf3 Qc5+ 18. Kh1 Ne3 19. Ba3 Qxb5 20. Rfb1 Qxb1+ 21. Rxb1 Rfb8 22. Rg1 Nxc2 23. Bd6 Rb3 24. f5 Re8 25. f6 Rxc3 26. Qg4 g6 27. Qh4 h5 28. g4 Rxf3 29. gxh5 Ne3 30. hxg6 fxg6 31. Rxg6+ Kf7 32. Qh7# 1-0

[Event "December 12 Late 2023"]
[Site "https://www.chess.com"]
[Date "2023.12.12"]
[Round "6"]
[White "Ismayil, Malak"]
[Black "Goryachkina, Aleksandra"]
[Result "1/2-1/2"]
[Board "54"]
[TimeControl "180+1"]
[WhiteFideId "13412604"]
[BlackFideId "4147103"]
[WhiteElo "2518"]
[BlackElo "2666"]
[WhiteTeam "AZE"]
[BlackTeam "FID"]
[WhiteClock "0:00:03"]
[BlackClock "0:00:04"]

1. e4 c5 2. Nf3 e6 3. c3 d5 4. exd5 Qxd5 5. d4 Nf6 6. Be3 cxd4 7. Nxd4 Be7 8. Nd2 O-O 9. Qc2 Nc6 10. Nb5 Qd8 11. O-O-O Bd7 12. Nb3 Rc8 13. Kb1 Nb4 14. Qc1 Nbd5 15. Bd3 a6 16. N5d4 b5 17. Qd2 b4 18. c4 Nxe3 19. fxe3 a5 20. g4 a4 21. Nc1 Nxg4 22. Qe2 Nf6 23. Rhg1 Qa5 24. Nf3 Bc6 25. Ng5 h6 26. Nh3 Be4 27. Bxe4 Nxe4 28. Qg4 Ng5 29. Nxg5 Bxg5 30. h4 Bf6 31. Rdf1 Qe5 32. Nd3 Qxe3 33. Rxf6 Qxd3+ 34. Ka1 g6 35. h5 Rxc4 36. Rxg6+ fxg6 37. Qxe6+ Kh8 38. Qe5+ Kg8 39. Qe6+ Kh8 40. Qe5+ Kg8 41. Qe6+ 1/2-1/2

[Event "December 12 Late 2023"]
[Site "https://www.chess.com"]
[Date "2023.12.12"]
[Round "6"]
[White "Goltsev, Dmitry"]
[Black "Novikova, Galina"]
[Result "1-0"]
[Board "55"]
[TimeControl "180+1"]
[WhiteFideId "24176710"]
[BlackFideId "4157095"]
[WhiteElo "2665"]
[BlackElo "2497"]
[WhiteTeam "RUS"]
[BlackTeam "RUS"]
[WhiteClock "0:00:42"]
[BlackClock "0:00:00"]

1. e4 e6 2. d4 d5 3. exd5 exd5 4. Nf3 Nf6 5. c4 Bg4 6. Nc3 c6 7. Bd3 Bd6 8. O-O O-O 9. Bg5 dxc4 10. Bxc4 Nbd7 11. h3 Bh5 12. Re1 Qc7 13. Rc1 Rfe8 14. Qd3 Bg6 15. Qd2 a6 16. a3 Ne4 17. Nxe4 Bxe4 18. Ne5 Bg6 19. Nxg6 hxg6 20. Qd3 Nb6 21. Ba2 Rxe1+ 22. Rxe1 Nd5 23. g3 Qd7 24. Kh2 Re8 25. Re4 f5 26. Rxe8+ Qxe8 27. Qf3 Qe6 28. h4 Kh7 29. h5 gxh5 30. Qxh5+ Kg8 31. Qf3 Kh7 32. Qh5+ Kg8 33. Bb1 g6 34. Qd1 Be7 35. Bd2 Qf7 36. Bd3 Nf6 37. Qe2 Ng4+ 38. Kg1 Bf6 39. Bc4 1-0

[Event "December 12 Late 2023"]
[Site "https://www.chess.com"]
[Date "2023.12.12"]
[Round "6"]
[White "yaguigor"]
[Black "Piesik, Piotr"]
[Result "1-0"]
[Board "56"]
[TimeControl "180+1"]
[BlackFideId "1136194"]
[WhiteElo "2482"]
[BlackElo "2664"]
[BlackTeam "CZE"]
[WhiteClock "0:00:09"]
[BlackClock "0:00:18"]

1. e4 g6 2. d4 Bg7 3. Nc3 c6 4. f4 d5 5. e5 Nh6 6. Nf3 Bg4 7. Be3 Nf5 8. Bf2 h5 9. h3 Bxf3 10. Qxf3 h4 11. Bd3 e6 12. O-O Bf8 13. Kh2 Nd7 14. Ne2 a6 15. c3 c5 16. Ng1 cxd4 17. cxd4 Nb8 18. Qd1 Qb6 19. Nf3 Be7 20. Bxf5 gxf5 21. a3 Nc6 22. b4 Rc8 23. Qd3 Na7 24. Rfc1 Rc6 25. Rxc6 Nxc6 26. Qd2 Qb5 27. Qe1 a5 28. bxa5 Qxa5 29. Qb1 Qa6 30. a4 Kd7 31. Qb5 Qxb5 32. axb5 Nb4 33. Rd1 Kc7 34. Rb1 Kb6 35. Bxh4 Bxh4 36. Rxb4 Bf2 37. Rb2 Be3 38. g3 Rc8 39. Kg2 Bc1 40. Re2 Kxb5 41. h4 Ka4 42. Ra2+ Ba3 43. Ng5 b5 44. Nxf7 b4 45. h5 Rf8 46. Ng5 b3 47. Rf2 Re8 48. h6 Bf8 49. h7 Bg7 50. g4 fxg4 51. Kg3 Ka3 52. Kxg4 b2 53. Rf1 Rc8 54. Rb1 Rc6 55. Kh5 Ka2 56. Rxb2+ Kxb2 57. Kg6 Bh8 58. Nf7 Rc8 59. Nxh8 Rxh8 60. Kg7 Ra8 61. h8=Q Rxh8 62. Kxh8 Kc3 63. f5 exf5 64. e6 f4 65. e7 Kxd4 66. e8=Q f3 67. Qe1 Kd3 68. Kg7 d4 69. Kf6 Kc2 70. Qf2+ Kc3 71. Qxf3+ d3 72. Qd1 1-0

[Event "December 12 Late 2023"]
[Site "https://www.chess.com"]
[Date "2023.12.12"]
[Round "6"]
[White "Solon, Nathan"]
[Black "Mazurkiewicz, Michal"]
[Result "1-0"]
[Board "57"]
[TimeControl "180+1"]
[WhiteFideId "2017229"]
[BlackFideId "1124943"]
[WhiteElo "2658"]
[BlackElo "2470"]
[WhiteTeam "USA"]
[BlackTeam "POL"]
[WhiteClock "0:00:27"]
[BlackClock "0:00:04"]

1. d4 Nf6 2. Bf4 g6 3. Nf3 Bg7 4. e3 O-O 5. Be2 d6 6. h3 Re8 7. O-O Nc6 8. Bh2 Nd7 9. a4 e5 10. a5 exd4 11. exd4 a6 12. c3 Nf6 13. Nbd2 Bf5 14. Re1 Ne4 15. Nxe4 Rxe4 16. Nd2 Re7 17. Bf3 Rxe1+ 18. Qxe1 Qd7 19. Qd1 g5 20. Qb3 Rb8 21. Qd5 h6 22. b4 Ne7 23. Qb3 Ng6 24. g4 Nh4 25. gxf5 Nxf3+ 26. Nxf3 Qxf5 27. Kg2 h5 28. Qb1 Qd5 29. c4 Qxc4 30. Qf5 g4 31. hxg4 hxg4 32. Qxg4 Re8 33. Rg1 Re6 34. Kh1 Rg6 35. Qc8+ Kh7 36. Ng5+ Kh6 37. Qh3# 1-0

[Event "December 12 Late 2023"]
[Site "https://www.chess.com"]
[Date "2023.12.12"]
[Round "6"]
[White "Mendes Aaron Reeve"]
[Black "Ladan, Nicholas"]
[Result "0-1"]
[Board "58"]
[TimeControl "180+1"]
[WhiteFideId "25954938"]
[BlackFideId "30918855"]
[WhiteElo "2645"]
[BlackElo "2463"]
[WhiteTeam "CAN"]
[BlackTeam "USA"]
[WhiteClock "0:00:13"]
[BlackClock "0:00:06"]

1. e4 e5 2. Nf3 Nc6 3. d4 exd4 4. Nxd4 Bc5 5. Nb3 Bb6 6. Nc3 Nge7 7. Qe2 O-O 8. Be3 f5 9. O-O-O f4 10. Bxb6 axb6 11. f3 d6 12. Kb1 Be6 13. g3 Ne5 14. Nd4 Qd7 15. a3 Bc4 16. Qd2 c5 17. gxf4 cxd4 18. fxe5 Bxf1 19. Qxd4 Bh3 20. exd6 Nc6 21. Qxb6 Rxf3 22. Nb5 Ne5 23. Rd5 Nc4 24. Qc7 Ne3 25. Re5 Rc8 26. Qxd7 Bxd7 27. Nc7 Nc4 28. Re7 Rf7 29. Rd1 Nxd6 30. Nd5 Rcf8 31. e5 Nf5 32. Rxf7 Kxf7 33. Nb6 Be6 34. c4 Ke7 35. b4 Rd8 36. Rxd8 Kxd8 37. c5 g5 38. a4 h5 39. a5 Kc7 40. b5 Nd4 41. Na8+ Kb8 42. Nb6 Nxb5 43. Kc1 Kc7 44. Kd2 Kc6 45. Na4 Nc7 46. Kc3 Nd5+ 47. Kd4 Nb4 48. Nb2 Kb5 49. Nd1 Nc6+ 50. Ke4 Kxc5 51. Ne3 Nb4 52. Nf1 Nd5 53. Nd2 h4 54. Nb3+ Kb4 55. Nd4 Nc7 56. Nf3 g4 57. Ng5 Kxa5 58. Kf4 b5 59. Nxe6 Nxe6+ 60. Kxg4 b4 61. Kf5 Nd4+ 62. Ke4 Nb5 63. e6 Nc7 64. e7 Ka4 65. Kf5 b3 66. Ke5 b2 67. Kd6 Ne8+ 68. Kd7 Nf6+ 69. Ke6 Ne8 70. Kd7 b1=Q 71. Kxe8 Kb5 72. Kf8 Qf5+ 73. Kg7 Qe6 74. Kf8 Qf6+ 75. Ke8 Kc6 76. Kd8 Kd6 77. Kc8 Qxe7 78. Kb8 Kc6 79. Ka8 Qb7# 0-1

[Event "December 12 Late 2023"]
[Site "https://www.chess.com"]
[Date "2023.12.12"]
[Round "6"]
[White "Manukyan, Sargis A."]
[Black "Liu, Casper"]
[Result "1-0"]
[Board "59"]
[TimeControl "180+1"]
[WhiteFideId "13303970"]
[BlackFideId "1454153"]
[WhiteElo "2639"]
[BlackElo "2454"]
[WhiteTeam "ARM"]
[BlackTeam "DEN"]
[WhiteClock "0:00:09"]
[BlackClock "0:00:02"]

1. d4 f5 2. c4 Nf6 3. Nc3 e6 4. Nf3 g6 5. Bg5 Bg7 6. Bxf6 Bxf6 7. e4 O-O 8. e5 Bg7 9. h4 d6 10. exd6 cxd6 11. Qd2 h6 12. Bd3 Nc6 13. d5 Ne5 14. Nxe5 dxe5 15. O-O-O e4 16. Bc2 a6 17. f3 b5 18. fxe4 bxc4 19. h5 Rb8 20. hxg6 Bf6 21. Kb1 Qa5 22. Rh3 Qa3 23. Bb3 Qb4 24. Qxh6 Rb7 25. g7 Bxg7 26. Qh7+ Kf7 27. dxe6+ Bxe6 28. exf5 Bc8 29. Rg3 cxb3 30. Rxg7+ Kf6 31. Qh6+ Ke5 32. Qe3+ Kf6 33. Rg6+ Kxf5 34. Rg5+ Kf6 35. Qe5+ Kf7 36. Rg7# 1-0

[Event "December 12 Late 2023"]
[Site "https://www.chess.com"]
[Date "2023.12.12"]
[Round "6"]
[White "Vlassov, Nikolai"]
[Black "Dubessay, Bastien"]
[Result "0-1"]
[Board "60"]
[TimeControl "180+1"]
[WhiteFideId "4103360"]
[BlackFideId "650048"]
[WhiteElo "2630"]
[BlackElo "2435"]
[WhiteTeam "FID"]
[BlackTeam "FRA"]
[WhiteClock "0:00:00"]
[BlackClock "0:00:11"]

1. e4 e6 2. d4 d5 3. e5 c5 4. c3 Nc6 5. Nf3 Bd7 6. a3 f6 7. b4 fxe5 8. b5 Nxd4 9. cxd4 exd4 10. Bg5 Nf6 11. Nbd2 Bd6 12. Qe2 O-O 13. Ne5 c4 14. f4 Bxb5 15. a4 Bd7 16. g3 d3 17. Qe3 Qc7 18. Ndf3 Ne4 19. Nxd7 Qxd7 20. Bh3 Bb4+ 21. Kf1 Rae8 22. Kg2 Bc5 23. Qc1 h6 24. Bh4 Qd6 25. Rf1 c3 26. Ne5 d2 27. Qc2 Bd4 28. Nd3 g5 29. fxg5 hxg5 30. Bxg5 Nxg5 31. Nf4 Ne4 32. Nxe6 Rxe6 33. Rxf8+ Kxf8 34. Rf1+ Kg7 35. Bxe6 Qxe6 36. Qd3 Qg6 37. Qxd4+ Kh7 38. Qxd5 c2 39. Qd7+ Kh6 40. Qh3+ Kg7 41. Qd7+ Kh6 0-1

[Event "December 12 Late 2023"]
[Site "https://www.chess.com"]
[Date "2023.12.12"]
[Round "6"]
[White "Omelja, Artem"]
[Black "Zakarian, David"]
[Result "1-0"]
[Board "61"]
[TimeControl "180+1"]
[WhiteFideId "14119846"]
[BlackFideId "13301276"]
[WhiteElo "2624"]
[BlackElo "2417"]
[WhiteTeam "UKR"]
[BlackTeam "ARM"]
[WhiteClock "0:01:35"]
[BlackClock "0:00:13"]

1. e4 Nc6 2. d4 d5 3. e5 f6 4. f4 Bf5 5. c3 e6 6. Bd3 Nh6 7. Nf3 Be7 8. O-O O-O 9. Be3 Be4 10. Qe2 f5 11. Nbd2 Nf7 12. a3 Kh8 13. c4 g5 14. fxg5 Nxg5 15. Nxg5 Bxg5 16. Bxe4 dxe4 17. Nb3 Rg8 18. Rad1 Qe7 19. Kh1 Raf8 20. Bg1 Rg6 21. d5 Nxe5 22. Nd4 exd5 23. Nxf5 Rxf5 24. Rxf5 Nxc4 25. Rdxd5 Nd6 26. Rde5 Qg7 27. Bd4 Bf6 28. Rxf6 Rxf6 29. Rd5 Qf7 30. Qf2 Kg7 31. Rg5+ Kh6 32. Qh4+ 1-0

[Event "December 12 Late 2023"]
[Site "https://www.chess.com"]
[Date "2023.12.12"]
[Round "6"]
[White "Ambartsumova, Karina"]
[Black "Avila Rodriguez, Joshua Ad"]
[Result "1-0"]
[Board "62"]
[TimeControl "180+1"]
[WhiteFideId "4166299"]
[BlackFideId "5126444"]
[WhiteElo "2622"]
[BlackElo "2432"]
[WhiteTeam "RUS"]
[BlackTeam "MEX"]
[WhiteClock "0:00:36"]
[BlackClock "0:00:00"]

1. d4 Nf6 2. c4 e6 3. Nc3 Bb4 4. a3 Bxc3+ 5. bxc3 c5 6. e3 d6 7. Bd3 Nc6 8. Ne2 b6 9. Ng3 h5 10. h3 h4 11. Ne4 Na5 12. O-O Bb7 13. Nxf6+ gxf6 14. e4 Qc7 15. d5 O-O-O 16. Qf3 Qe7 17. Bf4 Rdg8 18. Kh1 e5 19. Be3 Ba6 20. Qe2 Kc7 21. f4 Rg3 22. fxe5 fxe5 23. Rf5 Bc8 24. Rf3 Rxf3 25. Qxf3 Ba6 26. Rf1 Bxc4 27. Qxf7 Qxf7 28. Rxf7+ Kb8 29. Bc2 Rg8 30. Kg1 Bb5 31. a4 Ba6 32. Kf2 Nc4 33. Bh6 Na3 34. Bd1 Bd3 35. Bf3 Nb1 36. Ke3 Bf1 37. Bf8 Rg6 38. Bh5 Rg8 39. Bxd6+ Ka8 40. Rxf1 Nxc3 41. Rf8+ Rxf8 42. Bxf8 Kb7 43. d6 1-0

[Event "December 12 Late 2023"]
[Site "https://www.chess.com"]
[Date "2023.12.12"]
[Round "6"]
[White "Esmeraldas Huachi, Anderson"]
[Black "Golubev, Mikhail"]
[Result "0-1"]
[Board "63"]
[TimeControl "180+1"]
[WhiteFideId "3616363"]
[BlackFideId "14100983"]
[WhiteElo "2415"]
[BlackElo "2621"]
[WhiteTeam "ECU"]
[BlackTeam "UKR"]
[WhiteClock "0:00:01"]
[BlackClock "0:00:05"]

1. d4 Nf6 2. c4 g6 3. Nc3 Bg7 4. e4 d6 5. Be2 O-O 6. Be3 c5 7. d5 e6 8. h3 exd5 9. exd5 Re8 10. Qc2 Bf5 11. Bd3 Bxd3 12. Qxd3 Bh6 13. Nd1 Qa5+ 14. Qc3 Qxc3+ 15. bxc3 Nbd7 16. Ne2 Bg7 17. Bf4 Nb6 18. Ne3 Ne4 19. Rc1 Na4 20. O-O Naxc3 21. Nxc3 Nxc3 22. Rc2 Rad8 23. Rfc1 Ne4 24. Rb1 Rd7 25. a4 Nc3 26. Rb3 Nxa4 27. Ra2 b5 28. cxb5 Nb6 29. Rba3 Re4 30. Bg3 Nc8 31. Ra6 Be5 32. Rc6 Bxg3 33. Rxc8+ Kg7 34. Ra8 Bf4 35. R8xa7 Rxa7 36. Rxa7 Bxe3 37. fxe3 Rxe3 38. Rd7 Rb3 39. Rxd6 Rxb5 40. Rc6 Kf8 41. d6 Ke8 42. Rc7 Rb6 43. Rxc5 Rxd6 44. Ra5 Kf8 45. Kh2 Kg7 46. Rc5 Rd3 47. Ra5 h6 48. Rc5 Rb3 49. Ra5 Rd3 50. Rc5 Rb3 51. Ra5 Re3 52. Rc5 g5 53. Ra5 Rd3 54. Ra6 Rc3 55. Rb6 Rd3 56. Ra6 f6 57. Rc6 Kg6 58. Rc5 Re3 59. Ra5 h5 60. Rb5 Rd3 61. Rc5 Rb3 62. Ra5 Rc3 63. Rb5 Rd3 64. Rc5 h4 65. Ra5 Rd6 66. Rb5 Re6 67. Rc5 Rd6 68. Ra5 Rc6 69. Rb5 Ra6 70. Rc5 Rd6 71. Rb5 f5 72. Rb8 Kf6 73. Re8 Re6 74. Rg8 Re7 75. Kg1 f4 76. Kf2 Re3 77. Rf8+ Kg7 78. Rb8 Rg3 79. Rc8 f3 80. gxf3 Rxh3 81. Rc6 Rh2+ 82. Kg1 Rb2 83. Kf1 Rb7 84. Kg2 Rf7 85. Rc3 Rf6 86. Kh3 Kg6 87. Ra3 Rf4 88. Rb3 Rd4 89. Ra3 Kf5 90. Ra8 Kf4 91. Rf8+ Ke3 92. Kg2 Rd2+ 93. Kh3 Rf2 94. Kg4 Rg2+ 95. Kh5 h3 96. Rh8 Kxf3 97. Rf8+ Kg3 98. Ra8 h2 99. Ra3+ Kf4 100. Ra4+ Kf5 101. Ra5+ Ke6 102. Ra6+ Kd5 103. Ra1 Rg1 104. Ra5+ Kc6 105. Ra6+ Kb5 106. Rg6 h1=R# 0-1

[Event "December 12 Late 2023"]
[Site "https://www.chess.com"]
[Date "2023.12.12"]
[Round "6"]
[White "Adamczyk, Zuzanna"]
[Black "Olsen, Filip Boe"]
[Result "0-1"]
[Board "64"]
[TimeControl "180+1"]
[WhiteFideId "1187570"]
[BlackFideId "1440640"]
[WhiteElo "2386"]
[BlackElo "2616"]
[WhiteTeam "POL"]
[BlackTeam "DEN"]
[WhiteClock "0:00:07"]
[BlackClock "0:00:16"]

1. Nf3 d5 2. b3 Nf6 3. Bb2 Bf5 4. e3 e6 5. c4 c6 6. Nc3 Be7 7. Ne2 Nbd7 8. Ng3 Bg6 9. h4 h6 10. d4 Ne4 11. Nxe4 Bxe4 12. Ng1 Bxh4 13. Nf3 Be7 14. Bd3 Nf6 15. Ne5 Bb4+ 16. Kf1 Bxd3+ 17. Qxd3 Ne4 18. Rh3 Qf6 19. Rf3 Nd2+ 20. Ke2 Nxf3 21. gxf3 Qf5 22. e4 dxe4 23. fxe4 Qh5+ 24. Nf3 O-O-O 25. Rg1 g5 26. d5 Rhe8 27. Bf6 exd5 28. cxd5 Rxd5 29. Qe3 Rd2+ 30. Kf1 Qh3+ 31. Rg2 Rd1+ 32. Ke2 Qxg2 33. Kxd1 Qf1+ 34. Kc2 g4 35. Ne5 Qa1 36. Qxa7 Kc7 37. Nxg4 Qe1 38. Qd4 Qxe4+ 39. Qxe4 Rxe4 40. f3 Re2+ 41. Kd3 Rxa2 42. Nxh6 Rf2 43. Ke4 Re2+ 44. Kf5 Re3 45. f4 Rxb3 46. Nxf7 Bd2 47. Be5+ Kd7 48. Ng5 c5 49. Ne4 Be3 50. Kg6 Rb4 51. Kf5 Bd4 52. Nf6+ Kc6 53. Ke6 Bxe5 54. fxe5 c4 55. Kf5 c3 56. e6 Rb5+ 57. Kg6 Re5 58. Kf7 c2 59. e7 Rxe7+ 60. Kxe7 c1=Q 61. Nd7 Qe3+ 62. Ne5+ Qxe5+ 63. Kd8 Qc7+ 64. Ke8 Kd6 65. Kf8 Ke6 66. Kg8 Kf6 67. Kh8 Kg6 68. Kg8 Qc8# 0-1

[Event "December 12 Late 2023"]
[Site "https://www.chess.com"]
[Date "2023.12.12"]
[Round "6"]
[White "Rojas Alarcon, Julian Antonio"]
[Black "Marcziter, Dmitrii"]
[Result "1-0"]
[Board "65"]
[TimeControl "180+1"]
[WhiteFideId "5107407"]
[BlackFideId "13900765"]
[WhiteElo "2615"]
[BlackElo "2339"]
[WhiteTeam "MEX"]
[BlackTeam "GER"]
[WhiteClock "0:00:20"]
[BlackClock "0:00:00"]

1. c4 e5 2. g3 Nc6 3. Bg2 g6 4. Nc3 Bg7 5. d3 d6 6. Rb1 a5 7. a3 Be6 8. b4 axb4 9. axb4 Qd7 10. b5 Nd8 11. h4 h5 12. Nf3 f6 13. Bd2 Ne7 14. O-O O-O 15. Ra1 Nf7 16. Qc2 Nh6 17. Rfc1 Ng4 18. Ne4 c6 19. bxc6 bxc6 20. c5 d5 21. Nd6 Nf5 22. Nxf5 Bxf5 23. e4 Be6 24. Rab1 Rfd8 25. Rb6 Ra3 26. Rcb1 dxe4 27. dxe4 Rxf3 28. Bxf3 Qxd2 29. Qxd2 Rxd2 30. R1b2 Rxb2 31. Rxb2 Bf8 32. Rc2 Kf7 33. Be2 f5 34. exf5 gxf5 35. Kg2 Bd5+ 36. Kg1 e4 37. Rc1 Ke6 38. Kf1 Bg7 39. Rd1 Bc3 40. Kg1 Ke5 41. Rb1 Bd4 42. Bxg4 fxg4 43. Rb7 Bxc5 44. Rh7 e3 45. Rxh5+ Kd6 46. Rh6+ Kc7 47. Rh7+ Kb6 48. fxe3 Bxe3+ 49. Kf1 Bf3 50. h5 c5 51. h6 c4 52. Rh8 Be4 53. h7 Bd4 54. Rb8+ Kc5 55. h8=Q Bxh8 56. Rxh8 Kd4 57. Ke2 c3 58. Rd8+ Bd5 59. Rd7 Ke4 60. Rc7 c2 61. Rxc2 Kd4 62. Kf2 Bf3 63. Rc8 Kd3 64. Re8 Kd4 65. Ke1 Kd3 66. Rd8+ Ke3 67. Re8+ Kd3 68. Kf2 Kd4 69. Re3 Bd5 70. Ra3 Be4 71. Ke1 Bf3 72. Kd2 Ke4 73. Ra4+ Kd5 74. Ke3 Ke5 75. Ra5+ Bd5 76. Rb5 Ke6 77. Kf4 Bf3 78. Rb6+ Kd5 79. Rf6 Kd4 80. Rd6+ Kc5 81. Rd8 Kc6 82. Rd3 Be2 83. Re3 Bd1 84. Kf5 Kc5 85. Re8 Bf3 86. Kf4 Kd4 87. Rd8+ Kc5 88. Rd3 Be2 89. Rd2 Bf3 90. Rd8 1-0

[Event "December 12 Late 2023"]
[Site "https://www.chess.com"]
[Date "2023.12.12"]
[Round "6"]
[White "Awoki, Daniel Teidi"]
[Black "Janaszak, Dawid"]
[Result "0-1"]
[Board "66"]
[TimeControl "180+1"]
[WhiteFideId "2100827"]
[BlackFideId "1119206"]
[WhiteElo "2272"]
[BlackElo "2590"]
[WhiteTeam "BRA"]
[BlackTeam "POL"]
[WhiteClock "0:00:00"]
[BlackClock "0:00:21"]

1. e4 c5 2. Nf3 Nc6 3. d4 cxd4 4. Nxd4 g6 5. c4 e5 6. Nb5 d6 7. N1c3 a6 8. Na3 Nf6 9. Be2 Bg7 10. Bg5 h6 11. Bxf6 Bxf6 12. O-O Be6 13. Nd5 Bg7 14. Nc2 O-O 15. Qd3 f5 16. f3 f4 17. Kh1 Rc8 18. b3 g5 19. Rad1 Qe8 20. Nb6 Rd8 21. Nd5 Qf7 22. Rd2 h5 23. b4 Kh8 24. b5 Nd4 25. Nxd4 exd4 26. bxa6 bxa6 27. Rb1 g4 28. Rdb2 Be5 29. Rb7 Qg6 30. Qd2 Qg5 31. Rc7 Rf7 32. Rxf7 Bxf7 33. Rb7 Be6 34. Bd3 Rg8 35. Qf2 h4 36. Ne7 Rg7 37. Rb8+ Kh7 38. Nf5 g3 39. Qg1 Rf7 40. Rb6 a5 41. Rb8 d5 42. cxd5 Bxf5 43. Re8 Bd7 44. Ra8 h3 0-1

[Event "December 12 Late 2023"]
[Site "https://www.chess.com"]
[Date "2023.12.12"]
[Round "6"]
[White "Bardyk, Artem"]
[Black "Grutter, Tim"]
[Result "0-1"]
[Board "67"]
[TimeControl "180+1"]
[WhiteFideId "34349979"]
[BlackFideId "1057472"]
[WhiteElo "2722"]
[BlackElo "2523"]
[WhiteTeam "RUS"]
[BlackTeam "NED"]
[WhiteClock "0:00:00"]
[BlackClock "0:00:18"]

1. e4 c6 2. Nf3 d5 3. exd5 cxd5 4. Ne5 a6 5. d4 Nc6 6. c3 Nxe5 7. dxe5 Bf5 8. Nd2 e6 9. Nf3 Bc5 10. Bd3 Bxd3 11. Qxd3 Ne7 12. O-O Nf5 13. c4 dxc4 14. Qxc4 Qb6 15. b4 Be7 16. Rb1 O-O 17. Qg4 Rac8 18. Bg5 Bxg5 19. Nxg5 Rc2 20. Ne4 Kh8 21. h4 Rc4 22. a3 Ne3 23. fxe3 Qxe3+ 24. Rf2 Rxe4 25. Qf3 Rxe5 26. Qxb7 Rf5 27. Rf1 Qxa3 28. Rxf5 exf5 29. Rxf5 Qe3+ 30. Rf2 Qe1+ 31. Rf1 Qxh4 32. Rxf7 Qd4+ 33. Kh2 Qe5+ 34. g3 Qh5+ 0-1

[Event "December 12 Late 2023"]
[Site "https://www.chess.com"]
[Date "2023.12.12"]
[Round "6"]
[White "Reprintsev, Alexander"]
[Black "Sai Krishna G V"]
[Result "0-1"]
[Board "68"]
[TimeControl "180+1"]
[WhiteFideId "14100541"]
[BlackFideId "5028280"]
[WhiteElo "2514"]
[BlackElo "2701"]
[WhiteTeam "UKR"]
[BlackTeam "IND"]
[WhiteClock "0:00:00"]
[BlackClock "0:00:14"]

1. e4 c5 2. b3 d5 3. exd5 Qxd5 4. Nc3 Qe5+ 5. Be2 Nf6 6. Nf3 Qc7 7. Nb5 Qd8 8. a4 e6 9. O-O Be7 10. Bb2 O-O 11. d4 Nc6 12. c4 b6 13. dxc5 bxc5 14. Ne5 Bb7 15. Bf3 Qc8 16. Nxc6 Bxc6 17. Nd6 Qc7 18. Nb5 Qb7 19. Bxc6 Qxc6 20. Qc2 a6 21. Nc3 Rab8 22. Rab1 Rb7 23. Rfd1 Rfb8 24. Ba1 Rb4 25. Na2 R4b6 26. Rd3 Ne4 27. f3 Nd6 28. Rbd1 Nf5 29. Nc1 Nd4 30. Bxd4 cxd4 31. Kh1 e5 32. f4 f6 33. fxe5 fxe5 34. a5 R6b7 35. Rh3 g6 36. Re1 Bf6 37. Rf3 Bg7 38. h4 Re8 39. Re4 Rd7 40. Qe2 Qc5 41. Nd3 Qxa5 42. h5 Rd6 43. Rg3 Qd8 44. Qf3 Rf8 45. Qg4 Qe8 46. c5 Rdf6 47. b4 Rf1+ 48. Kh2 R8f5 49. Rh3 gxh5 50. Qg3 Kh8 51. Rhh4 Bf6 52. Rh3 h4 53. Qg4 Qf7 54. c6 Qc7 55. Nc5 Qxc6 56. Re2 Bg5 57. Qh5 Bf4+ 58. g3 hxg3+ 0-1